Unix NetHack Version 5.0.0-0 post-release - last build May 23 2026 06:08:33 (1c0ff79ee797540d5714e4e18072db0edd9e58ae,branch:main).

Game began 2026-05-27 14:40:16, ended 2026-05-27 17:12:14.

Barrb, neutral female human Barbarian

                         ------
     ----------          |....|#           ---------------
     |........|          |_.%@-##         ...............|
     |........|          ---.--%#                     ...|
     |.........####         %#                           |
     |........|   #          #
     -.--------   #          #
      #           #          #
      #           #          ##
      #           ######------.---
      #                #|......>.|
      #                #.....^...|
      #                 |........|
   ---)-                |........|
   |...|                ----------
   |...|
   |.[..#######
   -----

Barrb the Pillager         St:18/02 Dx:15 Co:18 In:8 Wi:7 Ch:7  Neutral
Dlvl:4  $:42 HP:0(34) Pw:7(7) AC:6  Xp:3 T:1988 

Latest messages:
 In what direction? 2
 As you kick the door, it crashes open!
 You find a hidden passage.
 You find a hidden door.
 This door is locked.
 This door is locked.
 In what direction? 6
 Whammm!!
 In what direction? 6
 As you kick the door, it shatters to pieces!
 You stop searching.
 You hear some noises.
 It misses the hobgoblin.
 The kitten bites it.
 You swap places with your kitten.
 The kitten picks up an orcish helm.
 The kitten drops an orcish helm.
 The kitten picks up a bow.
 You stop searching.
 The kitten drops a bow.
 You kill the gecko!
 You see here a gecko corpse.
 Your kitten eats a gecko corpse.
 You are beginning to feel hungry.
 You kill the green mold!
 You see here a green mold corpse.
 What do you want to eat? [d or ?*] d
 This food really hits the spot!
 You hear a door open.
 You finish eating the food ration.
 The door opens.
 You hear a nearby zap.
 The wand misses you.
 The newt bites!
 You hear a nearby zap.
 The wand hits you!
 The wand hits the kitten!
 You kill the newt!
 You hear a nearby zap.
 The wand hits you!
 The wand hits the kitten!
 The kitten is killed!
 You hear a nearby zap.
 The wand misses you.
 You hear a nearby zap.
 The wand misses you.
 You hear a nearby zap.
 The wand hits you!
 You die...
 Do you want your possessions identified? [ynq] (y) q

Inventory:
 Coins    ('$')
  $ - 42 gold pieces
 Weapons  (')')
  o - 11 +0 orcish arrows
  a - a +0 battle-axe (weapon in hands)
  b - a +0 short sword (alternate weapon; not wielded)
 Armor    ('[')
  s - an uncursed +0 helmet
  t - an uncursed +0 orcish helm (being worn)
  x - a cursed -1 pair of fumble boots
  c - an uncursed +0 ring mail (being worn)
 Comestibles  ('%')
  d - 3 uncursed food rations
 Scrolls  ('?')
  u - an uncursed scroll of blank paper
  g - an uncursed scroll of confuse monster
  q - an uncursed scroll of enchant armor
  f - an uncursed scroll of fire
  y - an uncursed scroll of identify
 Spellbooks  ('+')
  w - an uncursed novel named Mort
 Potions  ('!')
  e - an uncursed potion of enlightenment
  i - an uncursed potion of object detection
  v - an uncursed potion of see invisible
 Tools    ('(')
  l - an uncursed tin whistle
 Gems/Stones  ('*')
  j - an uncursed garnet stone
  h - an uncursed jasper stone
  n - an uncursed worthless piece of violet glass

Barrb the Barbarian's attributes:

Background:
 You were a Pillager, a level 3 female human Barbarian.
 You were neutral, on a mission for Crom
 who was opposed by Mitra (lawful) and Set (chaotic).
 You were right-handed.
 You were in the Dungeons of Doom, on level 4.
 You entered the dungeon 1988 turns ago.
 You had 78 experience points, 2 more were needed to attain level 4.

Basics:
 You had 0 out of 34 hit points.
 You had all 7 energy points (spell power).
 Your armor class was 6.
 Your wallet contained 42 zorkmids.
 Autopickup was off.

Final Characteristics:
 Your strength was 18/02 (limit:18/100).
 Your dexterity was 15 (limit:18).
 Your constitution was 18 (limit:18).
 Your intelligence was 8 (limit:18).
 Your wisdom was 7 (limit:18).
 Your charisma was 7 (limit:18).

Final Status:
 You weren't hungry.
 You were unencumbered.
 You were wielding an axe.
 You had basic skill with axe.

Final Attributes:
 You were devoutly aligned.
 You were poison resistant.
 You were warded.
 You are dead.

Miscellaneous:
 You didn't encounter any bones levels.
 Total elapsed playing time was 36 minutes and 25 seconds.

Major events:
 Turn
    1: Barrb the neutral female human Barbarian entered the dungeon
  522: entered the Gnomish Mines
 1430: read a Discworld novel
 1430: attained the rank of Pillager (level 3)
 1988: killed by a wand

You didn't know any spells.

Skills:
 Fighting Skills
   bare handed combat [Basic]
   two weapon combat  [Unskilled]
   riding             [Unskilled]
 Weapon Skills
   dagger             [Unskilled]
   axe                [Basic]
   pick-axe           [Unskilled]
   short sword        [Basic]
   broadsword         [Unskilled]
   long sword         [Unskilled]
   two-handed sword   [Unskilled]
   saber              [Unskilled]
   club               [Unskilled]
   mace               [Unskilled]
   morning star       [Unskilled]
   flail              [Unskilled]
   hammer             [Unskilled]
   quarterstaff       [Unskilled]
   spear              [Unskilled]
   trident            [Unskilled]
   bow                [Unskilled]
 Spellcasting Skills
   attack spells      [Unskilled]
   escape spells      [Unskilled]

Voluntary challenges:
 Character rerolling was not enabled.
 You never genocided any monsters.
 You never polymorphed an object.
 You never changed form.
 You used no wishes.
Achievements:
 You entered the Gnomish Mines.
 You entered a shop.
 You read from a Discworld novel.
 You attained the rank of Pillager.

 The Dungeons of Doom: levels 1 to 4
    Level 1:
       An altar, a fountain.
    Level 2:
       A fountain.
       Stairs down to The Gnomish Mines.
    Level 3:
       A bookstore, a fountain.
    Level 4: <- You were here.
       An altar to Crom.
       Final resting place for
          you, killed by a wand.
 The Gnomish Mines:
    Level 3:


Vanquished creatures:
  a shrieker
  a kitten
 an acid blob
  a hobgoblin
  2 giant rats
  2 yellow molds
  a green mold
  3 geckos
  3 jackals
  a fox
  2 goblins
  7 sewer rats
  2 lichens
  a kobold zombie
  6 newts
34 creatures vanquished.

No species were genocided or became extinct.

Game over:
                       ----------
                      /          \
                     /    REST    \
                    /      IN      \
                   /     PEACE      \
                  /                  \
                  |      Barrb       |
                  |      42 Au       |
                  | killed by a wand |
                  |                  |
                  |                  |
                  |                  |
                  |       2026       |
                 *|     *  *  *      | *
        _________)/\\_//(\/(/\)/\//\/|_)_______

Goodbye Barrb the Barbarian...

You died in The Dungeons of Doom on dungeon level 4 with 520 points,
and 42 pieces of gold, after 1988 moves.
You were level 3 with a maximum of 34 hit points when you died.

